 Dungeon Crawl Stone Soup version 0.31.0-12-g77e489cdc1 (webtiles) character file.

Game seed: 5086920999058426772

2188 Metae the Covered (level 9, -7/79 HPs)
             Began as a Minotaur Fighter on Feb 26, 2024.
             Was a Believer of Uskayaw.
             Mangled by phunky83's ghost (18 damage)
             ... on level 8 of the Dungeon on Mar 1, 2024.
             The game lasted 00:17:11 (6190 turns).

Metae the Covered (Minotaur Fighter)                Turns: 6190, Time: 00:17:11

Health: -7/79      AC: 10    Str: 26    XL:     9   Next: 12%
Magic:  9/9        EV: 16    Int:  5    God:    Uskayaw [**....]
Gold:   286        SH:  5    Dex:  9    Spells: 8/8 levels left

rFire   + . .        a - +0 trident (elec)
rCold   + . .        c - +0 buckler
rNeg    . . .        b - +0 scale mail
rPois   .            (helmet restricted)
rElec   .            q - scarf {rC+ rF+}
rCorr   .            (no gloves)
SInv    .            v - +1 pair of boots
Will    .....        i - amulet of the acrobat Stlth
                     j - +5 ring of evasion
HPRegen 0.33/turn    (no ring)
MPRegen 0.11/turn

%: acrobat
@: no status effects
A: horns 2, retaliatory headbutt
a: Renounce Religion, Stomp, Line Pass


You were on level 8 of the Dungeon.
You worshipped Uskayaw.
Uskayaw was noncommittal.
You visited 2 branches of the dungeon, and saw 9 of its levels.

You collected 440 gold pieces.
You spent 154 gold pieces at shops.

Inventory:

Hand Weapons
 a - a +0 trident of electrocution (weapon)
 l - a +0 dagger of draining
Missiles
 e - 5 curare-tipped darts
 n - 2 poisoned darts (quivered)
 s - 2 boomerangs
Armour
 b - a +0 scale mail (worn)
 c - a +0 buckler (worn)
 q - a scarf of resistance (worn)
 v - a +1 pair of boots (worn)
 B - a scarf of repulsion
Jewellery
 i - an amulet of the acrobat (around neck)
 j - a +5 ring of evasion (left hand)
 E - an amulet of guardian spirit
Wands
 r - a wand of charming (10)
 w - a wand of polymorph (4)
Scrolls
 h - 7 scrolls of fear
 m - a scroll of revelation
 o - a scroll of torment
 p - a scroll of fog
 u - a scroll of teleportation
 x - 2 scrolls of noise
 y - a scroll of immolation
 z - a scroll of acquirement {unknown}
 A - a scroll of blinking {unknown}
 C - a scroll of amnesia {unknown}
 D - a scroll of enchant weapon {unknown}
Potions
 d - 3 potions of might
 f - 4 potions of attraction
 g - a potion of haste {unknown}
 k - 2 potions of degeneration
 t - 3 potions of curing


   Skills:
 + Level 7.4 Fighting
 + Level 6.8 Polearms
 + Level 7.4 Armour
 + Level 5.7 Dodging
 - Level 6.7 Shields
 + Level 2.1 Invocations


You had 8 spell levels left.
You didn't know any spells.
Your spell library contained the following spells:

 Spells                   Type           Power      Damage    Failure   Level
 Dazzling Flash           Conj/Hex       0%         N/A       98%         3
 Mephitic Cloud           Conj/Alch/Air  0%         N/A       98%         3
 Curse of Agony           Necr           0%         N/A       100%        5
 Silence                  Hex/Air        0%         N/A       100%        5


Dungeon Overview and Level Annotations

Branches:
Dungeon (8/15)             Temple (1/1) D:6
   Lair: D:8-11

Altars:
Cheibriados
Dithmenos
Elyvilon
Fedhas
Gozag
Makhleb
Nemelex Xobeh
Okawaru
Qazlal
Ru
Trog
Uskayaw
Vehumet
Wu Jian
Xom
Yredelemnul
Zin
The Shining One

Shops:
D:8 *

Annotations:
D:7 2 transporters, 7tar4e's ghost, novice FeBe; Grum
D:8 phunky83's ghost, novice FeSh
Temple 2 transporters


Innate Abilities, Weirdness & Mutations

You have a pair of horns on your head.
You reflexively headbutt those who attack you in melee.


Message History

You can now pass through a line of other dancers.
You completely miss phunky83's ghost.
Phunky83's ghost is severely damaged.
You block phunky83's ghost's attack. Phunky83's ghost barely misses you.
You furiously retaliate!
You headbutt phunky83's ghost. You miss phunky83's ghost.
Your headbutt misses phunky83's ghost.
Phunky83's ghost is severely damaged.
Phunky83's ghost barely misses you.
You closely miss phunky83's ghost. Your headbutt misses phunky83's ghost.
Phunky83's ghost is severely damaged.
You miss phunky83's ghost. Your headbutt misses phunky83's ghost.
Phunky83's ghost is severely damaged.
Phunky83's ghost closely misses you.
You completely miss phunky83's ghost. Your headbutt misses phunky83's ghost.
Phunky83's ghost is severely damaged.
Phunky83's ghost hits you!!
You hit phunky83's ghost.
Phunky83's ghost is severely damaged.
Phunky83's ghost hits you!
You barely miss phunky83's ghost. Your headbutt misses phunky83's ghost.
Phunky83's ghost is severely damaged.
Phunky83's ghost hits you!
You completely miss phunky83's ghost.
Phunky83's ghost is severely damaged.
Phunky83's ghost barely misses you.
You completely miss phunky83's ghost.
Phunky83's ghost is severely damaged.
Phunky83's ghost hits you!
* * * LOW HITPOINT WARNING * * *
You closely miss phunky83's ghost.
Phunky83's ghost is severely damaged.
Phunky83's ghost closely misses you. You furiously retaliate!
You headbutt phunky83's ghost.
Phunky83's ghost hits you but does no damage.
You miss phunky83's ghost. Your headbutt misses phunky83's ghost.
Phunky83's ghost is severely damaged.
Phunky83's ghost hits you!!
* * * LOW HITPOINT WARNING * * *
You feel better. Phunky83's ghost hits you!!
You die...

##### ##...#
####### #....##
....... #.....#
#....... ##@##.#
#.........
#.W.#.###.........
#.~.#...#.........
#.~.#............
#.~|#.>..####..##
#.[$#....##.....#
#####....##.....##
#.##.....<...#
#..##.........#


You could see phunky83's ghost.

Vanquished Creatures
  A hornet (D:7)
  Menkaure (D:5)
  2 water moccasins
  2 ice beasts (D:6)
  3 black bears
  An ogre (D:4)
  A centaur (D:7)
  2 phantoms
  A gnoll sergeant (D:5)
  3 scorpions
  3 wights (D:7)
  A bombardier beetle (D:4)
  3 hounds (D:6)
  2 jellies
  An orc priest (D:5)
  Ijyb (D:3)
  3 sleepcaps (D:7)
  2 iguanas (D:4)
  3 gnolls (D:5)
  6 adders
  A shadow imp (D:6)
  A white imp (D:6)
  A dart slug (D:5)
  A ribbon worm (D:3)
  8 orcs
  7 endoplasms
  3 giant cockroaches (D:1)
  A hobgoblin (D:4)
  7 jackals
  5 quokkas
  5 ball pythons
  4 bats
  3 frilled lizards (D:1)
  5 goblins
  4 kobolds
98 creatures vanquished.

Notes
Turn   | Place    | Note
-------+----------+-------------------------------------------
     0 | D:1      | Metae the Minotaur Fighter began the quest for the Orb.
     0 | D:1      | Reached XP level 1. HP: 19/19 MP: 0/0
   126 | D:1      | Reached XP level 2. HP: 25/27 MP: 1/1
   171 | D:1      | Found a faded altar of an unknown god.
   903 | D:2      | Reached skill level 1 in Dodging
   903 | D:2      | Reached XP level 3. HP: 32/33 MP: 2/2
  1994 | D:3      | Noticed Ijyb
  2075 | D:3      | Killed Ijyb
  2076 | D:3      | Reached XP level 4. HP: 38/40 MP: 3/3
  2877 | D:4      | Noticed an ogre
  2887 | D:4      | Killed an ogre
  2888 | D:4      | Reached XP level 5. HP: 43/47 MP: 4/4
  2928 | D:4      | Reached XP level 6. HP: 47/55 MP: 5/5
  3403 | D:5      | Entered Level 5 of the Dungeon
  3497 | D:5      | Reached skill level 5 in Fighting
  3497 | D:5      | Reached skill level 5 in Armour
  3497 | D:5      | Reached skill level 5 in Shields
  3518 | D:5      | Noticed a water moccasin
  3524 | D:5      | Killed a water moccasin
  3527 | D:5      | Reached XP level 7. HP: 55/61 MP: 6/6
  3639 | D:5      | Found an ornate altar of the Wu Jian Council.
  3786 | D:5      | Reached skill level 5 in Polearms
  3983 | D:5      | Noticed Menkaure
  3986 | D:5      | Killed Menkaure
  4361 | D:6      | Reached XP level 8. HP: 70/70 MP: 7/7
  4613 | D:6      | Reached skill level 5 in Dodging
  4979 | D:6      | Found a staircase to the Ecumenical Temple.
  4988 | Temple   | Found a transporter.
  4988 | Temple   | Found a transporter.
  4988 | Temple   | Found a transporter.
  4988 | Temple   | Found a transporter.
  4988 | Temple   | Entered the Ecumenical Temple
  5002 | Temple   | Became a worshipper of Uskayaw the Reveller
  5073 | D:7      | Found a burning altar of Makhleb.
  5081 | D:7      | Noticed a hornet
  5088 | D:7      | Reached * piety under Uskayaw
  5091 | D:7      | Reached ** piety under Uskayaw
  5094 | D:7      | Killed a hornet
  5094 | D:7      | Reached *** piety under Uskayaw
  5095 | D:7      | Reached skill level 1 in Invocations
  5099 | D:7      | Reached **** piety under Uskayaw
  5720 | D:7      | Noticed Grum
  5805 | D:7      | Identified the +7 trident "Vocinak" {venom, Fly Will- rCorr
                  | Stlth+}
  5805 | D:7      | Identified the +0 buckler of Filth {rF+ Will+ Str+6 Stlth-}
  5829 | D:7      | Found a transporter.
  5838 | D:7      | Reached XP level 9. HP: 73/79 MP: 9/9
  5858 | D:7      | Found Zin's Purification Station.
  5858 | D:7      | Found a glowing silver altar of Zin.
  5866 | D:7      | Bought a potion of curing for 90 gold pieces
  6055 | D:7      | Found a transporter.
  6055 | D:7      | Noticed 7tar4e's ghost (novice FeBe)
  6061 | D:7      | Identified the ring of Ohiloss Voso {*Corrode rElec rF+
                  | Int+3}
  6062 | D:7      | Identified the staff "Jycvuge" {Fly rN+ SInv Necro Tloc}
  6130 | D:8      | Found Zululonk's General Store.
  6153 | D:8      | Bought a potion of might for 64 gold pieces
  6166 | D:8      | Found a runed translucent door.
  6167 | D:8      | Noticed phunky83's ghost (novice FeSh)
  6190 | D:8      | Mangled by phunky83's ghost

Illustrated notes

Levels and vault maps discovered:
D:1:      shiori_arrival_oz, layout_loops_ring,
          dilly_ecumenical_altar_fadedgnrine, serial_bayou_lagoon_a
D:2:      layout_loops_corners
D:3:      layout_loops_corners, minmay_gold_behind_fungi, uniq_ijyb
D:4:      layout_gridville
D:5:      layout_basic, mainiacjoe_overflow_alcove_1, minmay_misc_feat_tower,
          solitary_fountain, minmay_misc_feat_room, kennysheep_generic_room_4,
          uniq_menkaure
D:6:      layout_basic, minmay_temple_entry_nine_rooms,
          small_statue_intersection
D:7:      layout_basic, nicolae_overflow_crystal_walls, zin_purify,
          gammafunk_ghost_gnarly_gnolls, roderic_roman_lattice
D:8:      layout_rooms, nicolae_ashenzari_panopticon, serial_shops,
          shop_scrolls, ebering_ghost_reflecting_pool, nicolae_stop_n_shop_1
Temple:   hellmonk_temple_divided_pantheon

Skill      XL: |  1  2  3  4  5  6  7  8  9 |
---------------+----------------------------+-----
Armour         | 4 5 6 7 |  7.4
Dodging        | 1 2 3 4 5 |  5.7
Shields        | 4 5 6 |  6.7
Fighting       | 4 5 6 7 |  7.4
Polearms       | 3 4 5 6 |  6.8
Invocations    | 1 2 |  2.1

Action                     |  1- 3 |  4- 6 |  7- 9 || total
---------------------------+-------+-------+-------++-------
  Melee: Trident           |    94 |    82 |   151 ||   327
         Headbutt          |    11 |    15 |    15 ||    41
 Invoke: Stomp             |       |       |     1 ||     1
    Use: Scroll            |     5 |     4 |     3 ||    12
         Potion            |       |       |     1 ||     1
 Armour: Scale mail        |    39 |    21 |    63 ||   123
  Dodge: Dodged            |    68 |    48 |    88 ||   204
  Block: Buckler           |    10 |    20 |    18 ||    48
